[Event "*** Titled Tuesday Blitz"]
[Site "Chess.com"]
[Date "2020.11.03"]
[Round "10"]
[White "Rakhimzhan_Alen"]
[Black "ehrenfeld"]
[Result "0-1"]
[WhiteElo "2599"]
[BlackElo "2497"]
[TimeControl "180+1"]
[EndTime "11:56:50 PST"]
[Termination "ehrenfeld won by resignation"]

1. d4 Nf6 2. c4 e6 3. Nc3 Bb4 4. Qc2 d6 5. e4 e5 6. Qa4+ Nc6 7. d5 Bxc3+ 8. bxc3 Nxe4 9. dxc6 O-O 10. cxb7 Bxb7 11. Nf3 Nc5 12. Qc2 e4 13. Nd4 f5 14.
Bf4 g5 15. Bc1 Qe7 16. Be2 Nd3+ 17. Kf1 Rae8 18. h4 f4 19. hxg5 f3 20. gxf3 exf3 21. Be3 fxe2+ 22. Qxe2 Bxh1 23. Qxd3 Qxe3 24. Qxe3 Rxe3 25.
Kg1 Rh3 26. Re1 Bf3 27. Nxf3 Rhxf3 0-1

[Event "*** Titled Tuesday Blitz"]
[Site "Chess.com"]
[Date "2020.11.03"]
[Round "10"]
[White "Enriquack"]
[Black "snowlord"]
[Result "0-1"]
[WhiteElo "2287"]
[BlackElo "2688"]
[TimeControl "180+1"]
[EndTime "11:57:16 PST"]
[Termination "snowlord won by resignation"]

1. e4 c5 2. Nf3 d6 3. d4 cxd4 4. Nxd4 Nf6 5. Nc3 a6 6. Bg5 Nbd7 7. Qe2 g6 8. O-O-O Qc7 9. Nd5 Nxd5 10. exd5 Qb6 11. Qe1 Nc5 12. Bc4 Bd7 13. h4 h6 14.
Bf6 Rg8 15. h5 O-O-O 16. Bh4 g5 17. Bg3 Bg7 18. Nb3 Na4 19. c3 Qc7 20. Qe2 Bxc3 21. bxc3 Nxc3 22. Qd3 Nxd1 23. Kxd1 b5 24. Qc3 Qxc4 25.
Qa5 Qxd5+ 26. Ke2 Kb7 27. Rd1 Qxg2 28. Qb4 Be6 29. Na5+ Ka8 30. Rd3 Rc8 31. a4 Bc4 0-1

[Event "*** Titled Tuesday Blitz"]
[Site "Chess.com"]
[Date "2020.11.03"]
[Round "10"]
[White "Alomaterapia"]
[Black "DenisQ"]
[Result "0-1"]
[WhiteElo "2505"]
[BlackElo "2655"]
[TimeControl "180+1"]
[EndTime "11:57:22 PST"]
[Termination "DenisQ won by resignation"]

1. e4 c6 2. d4 d5 3. e5 c5 4. dxc5 Nc6 5. f4 e6 6. Be3 d4 7. Bf2 Bxc5 8. Nf3 Nh6 9. Bd3 Ng4 10. O-O Qb6 11. Na3 Nxf2 12. Rxf2 Qxb2 13. Nb5 O-O 14. a4 a6 15. Rb1 Qa2 16. Nc7 Ra7 17. Ra1 Qb2 18.
Rb1 Qc3 19. Rb3 Qa5 20. Bxh7+ Kxh7 21. Ng5+ Kg8 22. Qh5 Qe1+ 23. Rf1 d3+ 0-1

[Event "*** Titled Tuesday Blitz"]
[Site "Chess.com"]
[Date "2020.11.03"]
[Round "10"]
[White "Lysiak_Poltorak"]
[Black "vladgoncharov"]
[Result "0-1"]
[WhiteElo "2360"]
[BlackElo "2469"]
[TimeControl "180+1"]
[EndTime "11:57:22 PST"]
[Termination "vladgoncharov won by resignation"]

1. d4 Nf6 2. c4 c5 3. d5 e6 4.
Nc3 exd5 5. cxd5 d6 6. e4 g6 7. f3 Bg7 8. Nge2 O-O 9. Ng3 Nbd7 10. Be2 a6 11. a4 Qc7 12. Nf1 Rb8 13. Ne3 Re8 14.
O-O Nb6 15. a5 Nbd7 16. Nc4 b5 17. axb6 Nxb6 18. Nxb6 Rxb6 19. Bf4 Nd7 20. Qd2 Ne5 21. Ra2 Bb7 22. Rfa1 Rb8 23. Na4 Rb4 24. Rc1 Bc8 25.
Nc3 Nc4 26. Bxc4 Rxc4 27. Ra4 Bxc3 28. Qc2 Bd4+ 0-1

[Event "*** Titled Tuesday Blitz"]
[Site "Chess.com"]
[Date "2020.11.03"]
[Round "10"]
[White "VladaSviridova"]
[Black "DonBroca"]
[Result "1-0"]
[WhiteElo "2278"]
[BlackElo "2104"]
[TimeControl "180+1"]
[EndTime "11:57:30 PST"]
[Termination "VladaSviridova won by resignation"]

1. d4 Nf6 2. c4 d6 3. Nf3 g6 4.
Nc3 Bg7 5. e4 O-O 6. Be2 Nbd7 7.
O-O e5 8. Be3 c6 9. d5 c5 10.
Ne1 Ne8 11. Nd3 f5 12. exf5 gxf5 13. f4 e4 14. Nf2 Ndf6 15. Qd2 Kh8 16. Kh1 Rg8 17.
Rg1 Bh6 18. a3 Ng7 19. b4 b6 20. bxc5 bxc5 21. Rab1 Ngh5 22. g3 Bd7 23. Nb5 Qe7 24. Qc3 Bg7 25. Qa5 a6 26. Nc3 Qd8 27. Qxd8 Rgxd8 28.
Rb6 Bc8 29. Rgb1 Bf8 30. Ncd1 Nd7 31. Rc6 Ng7 32. Bd2 Ne8 33. Bc3+ Kg8 34. Ne3 Nb8 35. Rcb6 Nd7 36. R6b2 Ndf6 37. Rb8 Nd7 38. Rxa8 1-0

[Event "*** Titled Tuesday Blitz"]
[Site "Chess.com"]
[Date "2020.11.03"]
[Round "10"]
[White "sokidze"]
[Black "vanea_03"]
[Result "1-0"]
[WhiteElo "2567"]
[BlackElo "2720"]
[TimeControl "180+1"]
[EndTime "11:57:42 PST"]
[Termination "sokidze won by resignation"]

1. e4 e5 2. Nf3 Nc6 3. Bb5 a6 4. Ba4 Nf6 5. O-O Bc5 6. c3 b5 7.
Bb3 d6 8. d4 Bb6 9. Be3 O-O 10.
Nbd2 Re8 11. h3 exd4 12. cxd4 Na5 13. Bc2 Bb7 14. Qb1 Nc4 15. Nxc4 bxc4 16. Nd2 Rb8 17.
Nxc4 Bxe4 18. Bxe4 Nxe4 19. Nxb6 Rxb6 20. Qc2 Qd7 21. Rac1 Rb7 22. b3 Nf6 23. Qc4 Qb5 24.
Rfe1 Qxc4 25. bxc4 h6 26. d5 Rb2 27. Bd4 Rxe1+ 28. Rxe1 Rc2 29. Bxf6 gxf6 30. Re8+ Kg7 31. Ra8 Rxc4 32. Rxa6 f5 33. Rc6 Rxc6 34. dxc6 Kf6 35. a4 Ke7 36. a5 Kd8 37. a6 1-0

[Event "*** Titled Tuesday Blitz"]
[Site "Chess.com"]
[Date "2020.11.03"]
[Round "10"]
[White "almo64"]
[Black "Smile2005"]
[Result "1-0"]
[WhiteElo "2698"]
[BlackElo "2339"]
[TimeControl "180+1"]
[EndTime "11:57:43 PST"]
[Termination "almo64 won by resignation"]

1. e4 d5 2. exd5 Nf6 3. Nf3 Nxd5 4. d4 Bg4 5. Be2 e6 6. O-O Be7 7. h3 Bh5 8. c4 Nb6 9. Nc3 O-O 10. b3 Nc6 11.
Be3 Qd7 12. d5 exd5 13. cxd5 Bxf3 14. Bxf3 Ne5 15. Be2 a6 16. f4 Ng6 17. f5 Ne5 18. Kh1 Bb4 19. Bd4 Bxc3 20. Bxc3 Qxd5 21. Qxd5 Nxd5 22.
Bxe5 Rfe8 23. Bxg7 Rxe2 24. Bh6 Rae8 25. Rf3 Ne3 26.
Rg3+ Kh8 27. Bg7+ Kg8 28. Bd4+ Kf8 29. Bc5+ Re7 30. f6 1-0

[Event "*** Titled Tuesday Blitz"]
[Site "Chess.com"]
[Date "2020.11.03"]
[Round "10"]
[White "enriquebutti"]
[Black "MIJuanReyesRosa"]
[Result "0-1"]
[WhiteElo "1983"]
[BlackElo "2125"]
[TimeControl "180+1"]
[EndTime "11:57:43 PST"]
[Termination "MIJuanReyesRosa won by checkmate"]

1. c4 e6 2. Nc3 d5 3. d4 c5 4.
e3 Nc6 5. Nf3 Nf6 6. cxd5 exd5 7. Bd3 Bd6 8. O-O O-O 9. b3 Qe7 10. dxc5 Bxc5 11. Bb2 Bg4 12. h3 Bh5 13. Be2 Rfd8 14.
Na4 Bd6 15. Nd4 Qe5 16. g3 Bxe2 17. Qxe2 Qg5 18. Qf3 Ne4 19. Nf5 Nd2 20. Qxd5 Bxg3 21. Qg2 Nxf1 22. Kxf1 Qxf5 23. Qxg3 g6 24. Rc1 Rd2 25.
Kg1 Rad8 26. Qc7 Rd1+ 27. Kh2 Qxf2# 0-1

[Event "*** Titled Tuesday Blitz"]
[Site "Chess.com"]
[Date "2020.11.03"]
[Round "10"]
[White "lelajavakhishvili"]
[Black "BlixLT"]
[Result "1-0"]
[WhiteElo "2524"]
[BlackElo "2392"]
[TimeControl "180+1"]
[EndTime "11:57:45 PST"]
[Termination "lelajavakhishvili won by resignation"]

1. d4 d5 2. c4 Nc6 3. cxd5 Qxd5 4. e3 e5 5. Nc3 Bb4 6. Bd2 Bxc3 7. Bxc3 exd4 8. Ne2 Nf6 9. Nxd4 Bg4 10. Qb3 Nxd4 11.
Bxd4 Qxb3 12. axb3 a6 13. b4 O-O-O 14. b5 Rxd4 15.
exd4 Re8+ 16. Kd2 Ne4+ 17. Kc2 Nxf2 18. bxa6 bxa6 19. Bxa6+ Kd7 20. Rhf1 Ne4 21. Rxf7+ Kd6 22. Rxg7 Bf5 23. Bd3 c5 24. dxc5+ Kd5 25. Ra5 Rc8 26.
c6+ Ke6 27. Rxf5 Kxf5 28. Bxe4+ Kxe4 29. c7 1-0

[Event "*** Titled Tuesday Blitz"]
[Site "Chess.com"]
[Date "2020.11.03"]
[Round "10"]
[White "kflorian98"]
[Black "Mikhail_Golubev"]
[Result "0-1"]
[WhiteElo "2743"]
[BlackElo "2583"]
[TimeControl "180+1"]
[EndTime "11:57:47 PST"]
[Termination "Mikhail_Golubev won by checkmate"]

1. e4 c5 2. Nf3 d6 3. d4 Nf6 4. Nbd2 cxd4 5. Nxd4 g6 6. Bd3 Bg7 7. N2f3 O-O 8. O-O Nbd7 9. Re1 Qc7 10. c3 a6 11. Bg5 b6 12. Qd2 Bb7 13. Bc2 Nc5 14. e5 dxe5 15. Nxe5 Nfe4 16. Bxe4 Nxe4 17. Rxe4 Bxe4 18. Ng4 h5 19. Qe2 hxg4 20. Qxe4 e5 21. Nc2 f5 22. Qe2 b5 23. a4 Qc4 24. Qd1 bxa4 25. Ne3 Qb3 26. Qd6 Qf7 27. Rxa4 Bf6 28. Bxf6 Qxf6 29. Qd5+ Kg7 30. h3 gxh3 31. gxh3 Rad8 32.
Qb7+ Rf7 33. Qxa6 Qg5+ 34. Kf1 Qh5 35. Qe6 Qxh3+ 36. Ke2 Qh5+ 37. Ke1 f4 38. Ng4 Qh1+ 39. Ke2 Qd1# 0-1

[Event "*** Titled Tuesday Blitz"]
[Site "Chess.com"]
[Date "2020.11.03"]
[Round "10"]
[White "ChelsieMonica"]
[Black "oogee"]
[Result "1-0"]
[WhiteElo "2314"]
[BlackElo "2197"]
[TimeControl "180+1"]
[EndTime "11:57:47 PST"]
[Termination "ChelsieMonica won by resignation"]

1. e4 c5 2. Nf3 d6 3. d4 cxd4 4. Nxd4 Nf6 5. Nc3 g5 6. Bxg5 Bg7 7. Qd2 Nc6 8. Nf5 Bxf5 9. exf5 Qa5 10. Bd3 O-O-O 11.
O-O-O Kb8 12. Rhe1 Rc8 13. Kb1 d5 14. a3 Ka8 15. Nb5 Qb6 16. Bh6 Rhg8 17. Bxg7 Rxg7 18. f3 Nd7 19. Nc3 Qa5 20. Na2 Qb6 21. g4 Nc5 22.
Nb4 Na5 23. Nxd5 Qd8 24. Nxe7 Rb8 25. f6 Rg6 26. Bxg6 Qxd2 27. Rxd2 hxg6 28. Red1 a6 29.
b4 Nc4 30. bxc5 Nxa3+ 31. Ka2 1-0

[Event "*** Titled Tuesday Blitz"]
[Site "Chess.com"]
[Date "2020.11.03"]
[Round "10"]
[White "ChSalas"]
[Black "Loy_Konstantin"]
[Result "1-0"]
[WhiteElo "2506"]
[BlackElo "2378"]
[TimeControl "180+1"]
[EndTime "11:57:49 PST"]
[Termination "ChSalas won by checkmate"]

1. d4 Nf6 2. Nf3 g6 3. Bg5 Bg7 4. Nbd2 c5 5. e3 cxd4 6. exd4 O-O 7. c3 d6 8. Be2 Nc6 9. O-O e5 10. Ne4 Bf5 11. dxe5 Bxe4 12. exf6 Bxf6 13. Bh6 Re8 14. Re1 d5 15. Bb5 Qb6 16. Qb3 Bxf3 17. gxf3 d4 18.
Qxf7+ Kxf7 19. Bc4+ Re6 20. Rxe6 Qxb2 21. Re5# 1-0

[Event "*** Titled Tuesday Blitz"]
[Site "Chess.com"]
[Date "2020.11.03"]
[Round "10"]
[White "lamomiablanca"]
[Black "NiranjanNavalgund"]
[Result "0-1"]
[WhiteElo "2273"]
[BlackElo "2435"]
[TimeControl "180+1"]
[EndTime "11:57:53 PST"]
[Termination "NiranjanNavalgund won by checkmate"]

1. d4 Nf6 2. g4 Nxg4 3. f3 Nf6 4. e4 d6 5. Nc3 g6 6. Be3 Bg7 7. Qd2 Nbd7 8. h4 h5 9. O-O-O c6 10. Nh3 Qa5 11.
Ng5 b5 12. Kb1 b4 13. Ne2 Nb6 14. Nc1 Ba6 15. Nb3 Qa4 16. Bd3 Nc4 17. Bxc4 Bxc4 18.
Rhg1 Rb8 19. Qg2 Rb6 20. d5 Ra6 21. Nxf7 Qxa2+ 22. Kc1 Nxe4 23. Nxd6+ Kf8 24. Nxe4 Qxb2+ 25. Kd2 Bc3+ 26. Nxc3 Qxc3+ 27. Kc1 Bxb3 28. Bd4 Ra1# 0-1

[Event "*** Titled Tuesday Blitz"]
[Site "Chess.com"]
[Date "2020.11.03"]
[Round "10"]
[White "BJthechessgod"]
[Black "Anna_ChessMate"]
[Result "0-1"]
[WhiteElo "2320"]
[BlackElo "2539"]
[TimeControl "180+1"]
[EndTime "11:57:54 PST"]
[Termination "Anna_ChessMate won by checkmate"]

1. e4 c6 2. d4 d5 3. Nc3 dxe4 4. Nxe4 Bf5 5. Ng3 Bg6 6. h4 h6 7. h5 Bh7 8. Nf3 e6 9. Bd3 Bxd3 10. Qxd3 Nf6 11.
Bf4 Bd6 12. Bxd6 Qxd6 13. c3 Nbd7 14. O-O-O O-O-O 15. Kb1 Kb8 16. Ne4 Qc7 17. Nxf6 Nxf6 18. Ne5 Rd6 19. Qg3 Rg8 20. c4 Ne4 21. Qf3 f5 22. g4 Rgd8 23. gxf5 Rxd4 24. Rxd4 Rxd4 25.
Ng6 Nd2+ 26. Kc2 Nxf3 27. fxe6 Rd2+ 28. Kc1 Qb6 29. b3 Qd4 30. e7 Qb2# 0-1

[Event "*** Titled Tuesday Blitz"]
[Site "Chess.com"]
[Date "2020.11.03"]
[Round "10"]
[White "Shuvalov"]
[Black "Ashedu66"]
[Result "1-0"]
[WhiteElo "2414"]
[BlackElo "2233"]
[TimeControl "180+1"]
[EndTime "11:57:55 PST"]
[Termination "Shuvalov won by resignation"]

1. e4 e5 2. Nf3 Nc6 3. Bb5 Nge7 4. c3 g6 5. d4 exd4 6. cxd4 d5 7. exd5 Nxd5 8. O-O Bg7 9. Re1+ Be6 10. Ng5 O-O 11.
Bxc6 bxc6 12. Rxe6 fxe6 13. Nxe6 Qf6 14. Nxf8 Rxf8 15.
Qe2 Qxd4 16. Nc3 Nxc3 17. bxc3 Qxc3 18. Rb1 Bd4 19. Bb2 Rxf2 20. Bxc3 Rxe2+ 21. Bxd4 Rxa2 22. Rb8+ Kf7 23. Rb7 Ke6 24. Rxa7 Rd2 25. Be3 Rd1+ 26. Kf2 Rd7 27. Bf4 Rf7 28. Kg3 Kd5 29. Rxc7 1-0

[Event "*** Titled Tuesday Blitz"]
[Site "Chess.com"]
[Date "2020.11.03"]
[Round "10"]
[White "Jungle_Jaguar"]
[Black "chenxiaoyuer"]
[Result "1-0"]
[WhiteElo "2632"]
[BlackElo "2500"]
[TimeControl "180+1"]
[EndTime "11:57:57 PST"]
[Termination "Jungle_Jaguar won by resignation"]

1. e4 c5 2. Nf3 d6 3. d4 cxd4 4. Nxd4 Nf6 5. Nc3 Nc6 6. Bc4 Bd7 7. O-O g6 8. Nd5 Bg7 9. c3 O-O 10. Bg5 Rc8 11. Bxf6 exf6 12. Bb3 Nxd4 13. Qxd4 f5 14. Qe3 Re8 15. Qxa7 fxe4 16. Qxb7 Bc6 17. Qa7 Qg5 18. Rad1 Be5 19. Rfe1 e3 20. Rxe3 Bxd5 21. Rxd5 Qh5 22.
Rdxe5 1-0

[Event "*** Titled Tuesday Blitz"]
[Site "Chess.com"]
[Date "2020.11.03"]
[Round "10"]
[White "Crazy_girl99"]
[Black "Nachsueb"]
[Result "1-0"]
[WhiteElo "2535"]
[BlackElo "2170"]
[TimeControl "180+1"]
[EndTime "11:57:58 PST"]
[Termination "Crazy_girl99 won by resignation"]

1. e4 e6 2. d4 d5 3. e5 c5 4.
c3 Bd7 5. Nf3 Nc6 6. Be2 Qb6 7.
O-O cxd4 8. cxd4 Nge7 9. Nc3 Nf5 10. Na4 Qd8 11. Bg5 f6 12. exf6 gxf6 13. Bf4 Bg7 14. Nc5 b6 15. Nxd7 Qxd7 16. Rc1 O-O 17. Bb5 Rac8 18. Qa4 Nfe7 19. Rc2 Qb7 20. Ba6 Qa8 21. Bxc8 Rxc8 22. Rfc1 Qb7 23. Bd6 b5 24. Qa3 Nf5 25. g4 Nfe7 26. Bxe7 Nxe7 27. Qd6 Bf8 28. Qxe6+ Kg7 29. Rxc8 1-0

[Event "*** Titled Tuesday Blitz"]
[Site "Chess.com"]
[Date "2020.11.03"]
[Round "10"]
[White "Bodnar_Mykola"]
[Black "Fortitudine"]
[Result "1-0"]
[WhiteElo "2398"]
[BlackElo "2260"]
[TimeControl "180+1"]
[EndTime "11:57:59 PST"]
[Termination "Bodnar_Mykola won by resignation"]

1. e4 c5 2. Nf3 d6 3. d4 cxd4 4. Nxd4 Nf6 5. Nc3 Nc6 6. Bg5 Bd7 7. f4 Rc8 8. Nf3 Qa5 9. Qd2 h6 10.
Bxf6 gxf6 11. Bc4 e6 12. Bb3 Be7 13. O-O-O h5 14. f5 Ne5 15. fxe6 fxe6 16. Kb1 Nc4 17. Bxc4 Rxc4 18. Rhe1 Bc6 19. Nd4 Qe5 20. a3 a6 21. Qd3 Rc5 22. b4 Rxc3 23. Qxc3 Kf7 24. Kb2 Rc8 25. Nxc6 Qxc3+ 26. Kxc3 Rxc6+ 27. Kb2 Rc4 28.
Kb3 Rc6 29. c4 b5 30. cxb5 axb5 31. Rc1 Ra6 32. Rc7 Ke8 33. Rec1 d5 34. exd5 exd5 35. Rd1 Rd6 36. Rc5 d4 37. Rxh5 d3 38. Kc3 Rc6+ 39. Kxd3 Ra6 40. Rxb5 Rxa3+ 41. Ke4 Ra2 42. Kf3 Kf7 43.
Rb7 Ra3+ 44. Kf4 Kf8 45. Rdd7 Bxb4 46. Rxb4 1-0

[Event "*** Titled Tuesday Blitz"]
[Site "Chess.com"]
[Date "2020.11.03"]
[Round "10"]
[White "Azoulas1"]
[Black "Pertinhez76"]
[Result "1-0"]
[WhiteElo "2057"]
[BlackElo "2122"]
[TimeControl "180+1"]
[EndTime "11:58:01 PST"]
[Termination "Azoulas1 won by resignation"]

1. c4 e5 2. g3 Nf6 3. Bg2 d5 4. cxd5 Nxd5 5. Nc3 Nb6 6. Nf3 Nc6 7. d3 Be7 8. O-O Be6 9. a4 a6 10. Be3 O-O 11. Rc1 f6 12. Ne4 Nd4 13. Nxd4 exd4 14.
Bf4 Nd5 15. Bd2 a5 16. Nc5 Bc8 17. Qb3 c6 18. Nxb7 Qd7 19. Nc5 Qd8 20. Ne4 Kh8 21. Rxc6 Rb8 22. Qxb8 Qd7 23. Rfc1 Bb7 24. Rc7 Nxc7 25.
Qxc7 Qd5 26. Qxe7 Rg8 27. Rc5 Qb3 28. Nd6 Qd1+ 29. Bf1 h5 30. Qxb7 g6 31. Nf7+ Kg7 32. Ng5+ 1-0

[Event "*** Titled Tuesday Blitz"]
[Site "Chess.com"]
[Date "2020.11.03"]
[Round "10"]
[White "AniJak"]
[Black "TrickyFortem"]
[Result "1-0"]
[WhiteElo "2311"]
[BlackElo "2508"]
[TimeControl "180+1"]
[EndTime "11:58:04 PST"]
[Termination "AniJak won by resignation"]

1. e4 c5 2. Nc3 g6 3. g3 Bg7 4. Bg2 Nc6 5. d3 e6 6. Be3 d6 7. Qd2 Nge7 8. Bh6 O-O 9. h4 Nd4 10. Bxg7 Kxg7 11. h5 Ng8 12. hxg6 fxg6 13. f4 b5 14. Nd1 e5 15. c3 Nc6 16. f5 h6 17. fxg6 Bg4 18. Ne3 Be6 19. Nf5+ Bxf5 20. exf5 Rc8 21. g4 b4 22. Ne2 d5 23. Ng3 Re8 24.
Nh5+ Kf8 25. f6 bxc3 26. bxc3 Nxf6 27. Qxh6+ Ke7 28. Nxf6 Kxf6 29. O-O+ Ke6 30. g7+ Kd7 31. Bxd5 Ne7 32. Qe6+ Kc7 33. Qxe5+ Qd6 34. Qxd6+ Kxd6 35. Bf7 Red8 36. Rae1 Rb8 37. Rf6+ Kd7 38. Ra6 Rb7 39. Rae6 Ng8 40. Bxg8 Rxg8 41. Re7+ Kc6 42. Rxb7 Kxb7 43. Re7+ Kb6 44. Kf2 a5 45. Ke3 Kc6 46. Kf4 Kd6 47. Ra7 a4 48. Kf5 c4 49. dxc4 Kc5 50. Kf6 Kxc4 51. Rc7+ Kd5 52. Kf7 Rxg7+ 53. Kxg7 1-0

[Event "*** Titled Tuesday Blitz"]
[Site "Chess.com"]
[Date "2020.11.03"]
[Round "10"]
[White "Evachess2006"]
[Black "Ariadna_Atreides"]
[Result "0-1"]
[WhiteElo "1632"]
[BlackElo "2089"]
[TimeControl "180+1"]
[EndTime "11:58:08 PST"]
[Termination "Ariadna_Atreides won by resignation"]

1. e4 c5 2. c3 d5 3. exd5 Qxd5 4. d4 Nf6 5. Nf3 Nc6 6. Bb5 cxd4 7. Bxc6+ Qxc6 8. cxd4 Bg4 9. Nc3 Bxf3 10.
Qxf3 Qxf3 11. gxf3 e6 12. Bg5 Bb4 13. O-O-O Rc8 14. Kc2 Nd5 15. Rd3 Bxc3 16. bxc3 Nb4+ 0-1

[Event "*** Titled Tuesday Blitz"]
[Site "Chess.com"]
[Date "2020.11.03"]
[Round "10"]
[White "infinitegiantkiller"]
[Black "AldokhinIvan"]
[Result "0-1"]
[WhiteElo "2466"]
[BlackElo "2607"]
[TimeControl "180+1"]
[EndTime "11:58:09 PST"]
[Termination "AldokhinIvan won by checkmate"]

1. d4 Nf6 2. c4 g6 3. Nc3 Bg7 4. e4 d6 5. Nge2 O-O 6. f3 Nc6 7. Be3 e5 8. Qd2 exd4 9. Nxd4 Bd7 10. Be2 Nh5 11. O-O Re8 12. Rac1 Be5 13. f4 Bxd4 14.
Bxd4 Nxd4 15. Qxd4 Qf6 16. Qf2 Bc6 17. Bxh5 gxh5 18.
Rce1 Kh8 19. Nd5 Bxd5 20. exd5 b6 21. b3 Kg7 22. h3 h4 23. Rxe8 Rxe8 24. Re1 Rxe1+ 25.
Qxe1 Qxf4 26. Qe7 Qd4+ 27. Kh1 Qa1+ 28. Kh2 Qe5+ 29. Qxe5+ dxe5 30. g3 f5 31. b4 Kf6 32.
gxh4 f4 33. Kg2 e4 34. Kf1 Ke5 35. a4 Kd4 36. a5 Kxc4 37. axb6 axb6 38. d6 cxd6 39.
h5 h6 40. b5 d5 41. h4 d4 42. Ke2 d3+ 43. Kd2 e3+ 44. Kc1 f3 45. Kb2 f2 46.
Ka2 f1=Q 47. Ka3 Qa1# 0-1

[Event "*** Titled Tuesday Blitz"]
[Site "Chess.com"]
[Date "2020.11.03"]
[Round "10"]
[White "Lion-Al-Messi"]
[Black "Tactictic"]
[Result "1-0"]
[WhiteElo "2560"]
[BlackElo "2412"]
[TimeControl "180+1"]
[EndTime "11:58:11 PST"]
[Termination "Lion-Al-Messi won by checkmate"]

1. e4 c5 2. Nf3 d6 3. d4 cxd4 4. Nxd4 Nf6 5. Nc3 a6 6. h3 e5 7.
Nde2 h5 8. Bg5 Be6 9. Ng3 g6 10. Bd3 Nbd7 11. Qf3 Bh6 12. Bxh6 Rxh6 13. O-O-O b5 14.
Nd5 Bxd5 15. exd5 Nc5 16. Qe3 Rh8 17. f4 Nxd3+ 18. Rxd3 Nd7 19. Ne4 Qe7 20. Re1 Rc8 21. fxe5 Nxe5 22. Nxd6+ Qxd6 23. Qxe5+ Qxe5 24. Rxe5+ Kd7 25. Rde3 Kd6 26. Re7 Rhf8 27. Ra7 Ra8 28. Ree7 Rxa7 29. Rxa7 Kxd5 30. Rxa6 Re8 31. Kd2 Re5 32. Rf6 Rg5 33.
Rf2 Rg3 34. b3 f5 35. Kc1 Ke4 36. Re2+ Re3 37. Kd2 Rxe2+ 38. Kxe2 b4 39. h4 f4 40. Kf2 Kd4 41. Kf3 Kc3 42. Kxf4 Kxc2 43. Ke4 Kb2 44.
Kd4 Kxa2 45. Kc4 Ka3 46. g3 Kb2 47. Kxb4 Kc2 48. Kc4 Kd2 49. b4 Ke2 50. b5 Kf3 51.
b6 Kxg3 52. b7 Kxh4 53. b8=Q g5 54. Qh2+ Kg4 55. Kd4 h4 56. Ke4 h3 57. Ke3 Kh4 58.
Kf3 g4+ 59. Kf4 Kh5 60. Kf5 Kh4 61. Qf2+ Kh5 62. Qf4 h2 63. Qxg4+ Kh6 64. Qg6# 1-0

[Event "*** Titled Tuesday Blitz"]
[Site "Chess.com"]
[Date "2020.11.03"]
[Round "10"]
[White "MarcoRiehle"]
[Black "PIwan"]
[Result "1-0"]
[WhiteElo "2693"]
[BlackElo "2525"]
[TimeControl "180+1"]
[EndTime "11:58:14 PST"]
[Termination "MarcoRiehle won by resignation"]

1. e4 e6 2. c4 d5 3. cxd5 exd5 4. Qb3 Nf6 5. e5 Ne4 6. Nc3 Nc5 7. Qxd5 Nbd7 8. d4 Ne6 9. Be3 Bb4 10. Bd3 O-O 11.
Nf3 Ndc5 12. Bxh7+ Kxh7 13. Qxd8 Nd3+ 14. Kd2 Rxd8 15. Kxd3 c5 16. Rad1 cxd4 17. Nxd4 Bc5 18. Ne4 Bxd4 19. Bxd4 Rxd4+ 20. Ke3 Rxd1 21. Rxd1 b6 22.
f4 Bb7 23. f5 Nc5 24. Nxc5 bxc5 25. Rd7 Bc8 26. Rxf7 Kg8 27. e6 g6 28. g4 Ba6 29. Kf4 c4 30. Kg5 gxf5 31. gxf5 Rb8 32. Rxa7 1-0

[Event "*** Titled Tuesday Blitz"]
[Site "Chess.com"]
[Date "2020.11.03"]
[Round "10"]
[White "BogdanDeac"]
[Black "giantslayer83"]
[Result "1-0"]
[WhiteElo "2874"]
[BlackElo "2711"]
[TimeControl "180+1"]
[EndTime "11:58:15 PST"]
[Termination "BogdanDeac won by resignation"]

1. Nf3 d5 2. d4 Nf6 3. c4 e6 4. Nc3 Bb4 5. Bg5 h6 6. Bxf6 Qxf6 7. Qa4+ Nc6 8. e3 O-O 9. Rd1 a6 10. Qb3 dxc4 11. Bxc4 Qe7 12. Bd3 Bd6 13. Be4 Bd7 14. O-O Na5 15. Qc2 c5 16. Ne5 Bxe5 17. dxe5 Bc6 18. Rd6 Nc4 19. Bxc6 bxc6 20. Ne4 Nxd6 21.
exd6 Qh4 22. Nxc5 a5 23. Rd1 Rab8 24. Nd7 Rfd8 25. Nxb8 Rxb8 26. d7 1-0

[Event "*** Titled Tuesday Blitz"]
[Site "Chess.com"]
[Date "2020.11.03"]
[Round "10"]
[White "Indianlad"]
[Black "TimofeevAr"]
[Result "0-1"]
[WhiteElo "2928"]
[BlackElo "2814"]
[TimeControl "180+1"]
[EndTime "11:58:17 PST"]
[Termination "TimofeevAr won by resignation"]

1. c4 c5 2. g3 g6 3. Bg2 Bg7 4. Nc3 Nc6 5. Nf3 e6 6. h4 h6 7. d4 cxd4 8. Nb5 Nge7 9. Nd6+ Kf8 10. O-O Nf5 11. Nxf5 gxf5 12. b4 e5 13. b5 Ne7 14.
c5 d6 15. cxd6 Qxd6 16. a4 Be6 17. Ba3 Qd7 18. Re1 e4 19. Nd2 Bf6 20. Nb3 b6 21.
Bb2 Rd8 22. e3 Bxb3 23. Qxb3 Qd5 24. Qa3 Qd6 25. Qa2 d3 26. Rad1 Kg7 27. g4 Bxb2 28.
Qxb2+ Qf6 29. Qa3 Nd5 30. Rd2 Nc3 31. gxf5 Rhe8 32. Bf1 Kh8 33. Bg2 Rg8 34. Kf1 Qg7 0-1

[Event "*** Titled Tuesday Blitz"]
[Site "Chess.com"]
[Date "2020.11.03"]
[Round "10"]
[White "natelleka"]
[Black "UB_TheQueen"]
[Result "1-0"]
[WhiteElo "2192"]
[BlackElo "2059"]
[TimeControl "180+1"]
[EndTime "11:58:17 PST"]
[Termination "natelleka won on time"]

1. e4 c5 2. Nf3 d6 3. d4 cxd4 4. Nxd4 Nf6 5. Nc3 g6 6. Be2 Bg7 7. Bg5 O-O 8. O-O Nc6 9. Nb3 Bd7 10. Re1 Rc8 11. Bf1 a6 12. Nd5 Be6 13. Nxf6+ exf6 14. Bf4 Ne5 15. Qd2 Qc7 16. Nd4 Rfd8 17. b3 b5 18.
a4 g5 19. Bg3 h5 20. h4 gxh4 21. Bxh4 bxa4 22. Rxa4 Ng4 23. Rxa6 Qc5 24. Ra5 Qb6 25. Rxh5 Rc5 26. Nxe6 fxe6 27. Rxc5 dxc5 28. Qf4 f5 29. exf5 Rd4 30. Qg5 1-0

[Event "*** Titled Tuesday Blitz"]
[Site "Chess.com"]
[Date "2020.11.03"]
[Round "10"]
[White "fyall777"]
[Black "AmirBagheri78"]
[Result "1/2-1/2"]
[WhiteElo "2463"]
[BlackElo "2576"]
[TimeControl "180+1"]
[EndTime "11:58:18 PST"]
[Termination "Game drawn by repetition"]

1. e4 c6 2. Nc3 d5 3. Qf3 dxe4 4. Nxe4 Nf6 5. Bc4 Qd4 6. d3 Nbd7 7. Ne2 Qe5 8. O-O Qh5 9. Qxh5 Nxh5 10. f4 Nb6 11.
Bb3 e6 12. g4 Nf6 13. Nxf6+ gxf6 14. Ng3 Rg8 15. h3 f5 16. g5 Bg7 17. c3 c5 18.
Be3 Nd7 19. Rae1 Kd8 20. Kf2 b6 21. h4 Ba6 22. Bc4 Bxc4 23. dxc4 Kc7 24. Rd1 Rad8 25. h5 Nb8 26. h6 Rxd1 27. Rxd1 Bf8 28. Nh5 Be7 29. b4 Rd8 30. Rxd8 Kxd8 31. bxc5 bxc5 32. Ke2 Nd7 33. Kd3 Kc7 34. Kc2 Kc6 35. Kb3 Bd6 36.
Kc2 Be7 37. Kd3 Nf8 38. Kc2 Ng6 39. Kb3 Nf8 40. Ka4 Kb6 41. Kb3 Nd7 42. Kc2 Kc6 1/2-1/2

[Event "*** Titled Tuesday Blitz"]
[Site "Chess.com"]
[Date "2020.11.03"]
[Round "10"]
[White "Lady_Nika"]
[Black "dosto07"]
[Result "0-1"]
[WhiteElo "2422"]
[BlackElo "2363"]
[TimeControl "180+1"]
[EndTime "11:58:18 PST"]
[Termination "dosto07 won by checkmate"]

1. d4 d5 2. e3 Nf6 3. f4 g6 4.
Nf3 Bg7 5. Bd3 O-O 6. Nbd2 c5 7.
c3 b6 8. Qe2 a5 9. O-O Ba6 10.
Ne5 Ne4 11. Nxe4 dxe4 12. Bxa6 Nxa6 13. b3 cxd4 14. exd4 Qc7 15. Bb2 f6 16. Ng4 f5 17.
Ne5 Bxe5 18. fxe5 e6 19. Qe3 b5 20. a3 a4 21. c4 bxc4 22. b4 Rac8 23. Rac1 Qd7 24.
Rc2 Nc7 25. Rfc1 Nd5 26. Qg3 f4 27. Qh3 Ne3 28. Re2 c3 29. Rxc3 Qxd4 30. Qxe6+ Kh8 31. Qxc8 Qd1+ 32. Kf2 Qf1# 0-1